 Dungeon Crawl Stone Soup version 0.31.0-11-ge490571c62 (webtiles) character file.

Game seed: 10099186572323451524

80 qw the Shooter (level 4, -4/23 HPs)
             Began as a Spriggan Hunter on Feb 4, 2024.
             Was an Initiate of Okawaru.
             Slain by Pikel
             ... wielding a +2 whip of freezing
              (6 damage)
             ... on level 4 of the Dungeon.
             The game lasted 00:00:06 (1920 turns).

qw the Shooter (Spriggan Hunter)                    Turns: 1920, Time: 00:00:06

Health: -4/23      AC:  3    Str:  7    XL:     4   Next: 18%
Magic:  5/5        EV: 18    Int: 10    God:    Okawaru [......]
Gold:   178        SH:  0    Dex: 15    Spells: 3/3 levels left

rFire   . . .        a - +0 shortbow
rCold   . . .        (shield currently unavailable)
rNeg    . . .        c - +0 robe
rPois   +            (helmet restricted)
rElec   .            m - +0 cloak
rCorr   .            (gloves unavailable)
SInv    +            (boots unavailable)
Will    .....        b - amulet "Woxteorch" {Faith +Inv Dex-5 Slay+5 SInv}
Stlth   ++           f - ring of poison resistance
HPRegen 0.23/turn    (no ring)
MPRegen 0.09/turn

%: faith
@: very quick
A: very small, no large weapons, unfitting armour, see invisible, speed 3
a: Renounce Religion, Evoke Invisibility


You were on level 4 of the Dungeon.
You worshipped Okawaru.
Okawaru was noncommittal.
You visited 1 branch of the dungeon, and saw 4 of its levels.

You collected 178 gold pieces.


Innate Abilities, Weirdness & Mutations

You are very small and have problems with some larger weapons.
You are too small for most types of armour.
You have supernaturally acute eyesight. (SInv)
You cover ground extremely quickly. (Speed+++)


   Skills:
 + Level 1.8 Fighting
 - Level 5.0 Ranged Weapons
 - Level 4.3 Dodging
 - Level 1.5 Stealth


You had 3 spell levels left.
You didn't know any spells.
Your spell library was empty.

Inventory:

Hand Weapons
 a - a +0 shortbow (weapon)
Armour
 c - a +0 robe (worn)
 m - a +0 cloak (worn)
Jewellery
 b - the amulet "Woxteorch" (around neck) {Faith +Inv Dex-5 Slay+5 SInv}
   (You acquired it on level 2 of the Dungeon)

   [amulet of faith]

   Faith:     It allows you to gain divine favour quickly.
   Dex-5:     It affects your dexterity (-5).
   Slay+5:    It affects your accuracy & damage with ranged weapons and melee
   (+5).
   SInv:      It lets you see invisible.
   +Inv:      It lets you turn invisible.
 f - a ring of poison resistance (left hand)
Scrolls
 e - a scroll of identify
Potions
 d - a potion of enlightenment
 g - a potion of curing
 h - a potion of cancellation {unknown}
 k - a potion of might
 l - a potion of haste {unknown}

Dungeon Overview and Level Annotations

Branches:
Dungeon (4/15)
 Temple: D:4-7

Altars:
Hepliaklqana
Okawaru
The Shining One

Annotations:
D:4 1 runed translucent door, Crazy Yiuf, Pikel


Message History

You shoot an arrow. The arrow hits the hobgoblin.
You kill the hobgoblin!
Okawaru accepts your kill.
You hear the slow rusting of a very distant drain.
e - a scroll of identify A lemure comes into view.
You shoot an arrow. The arrow completely misses the lemure.
You open the door.
There is an open door here.
Pikel and 3 lemures come into view.
Pikel is wielding a +2 whip of freezing.
Found a stone staircase leading down.
Pikel shouts!
The lemure shouts!
Enter note:
Enter note:
1910 ||| RETREEEEATING.
1912 ||| RETREEEEATING.
1914 ||| RETREEEEATING.
You shoot an arrow. The arrow hits Pikel!
Pikel is moderately wounded.
Pikel misses you.
You shoot an arrow.
The arrow hits Pikel but does no damage.
Pikel is moderately wounded.
Pikel misses you.
Enter note:
1917 ||| RETREEEEATING.
You shoot an arrow. The arrow hits Pikel.
Pikel is moderately wounded.
Pikel hits you with a +2 whip of freezing.
Pikel freezes you.
You shoot an arrow. The arrow closely misses Pikel.
The arrow hits the lemure!
The lemure is moderately wounded.
Pikel hits you with a +2 whip of freezing!
Pikel freezes you.
You shoot an arrow. The arrow closely misses Pikel.
The arrow hits the lemure!
The lemure is severely wounded.
Pikel hits you with a +2 whip of freezing.
You die...
Pikel says, "See you in Hell!"

##'#......#.##.###..#
#.#.#.##...##.# ..#
#.#.#.#######.# ..
#.#.#.# .# #.#.#.#
#.#.#.#####
#..555....#
###K#.###.# #@#...
#.#.5... #.#...5.#
#.#..5.... #.#...>#5.
#.#....#.. #.# #..


You could see Pikel and 2 lemures.

Vanquished Creatures
  Jessica (D:2)
  An adder (D:2)
  2 ribbon worms (D:2)
  A dart slug (D:1)
  4 bats
  5 endoplasms
  6 goblins
  3 hobgoblins
  2 kobolds (D:2)
  A quokka (D:1)
  2 ball pythons
  3 frilled lizards
  6 rats
37 creatures vanquished.

Notes
Turn   | Place    | Note
-------+----------+-------------------------------------------
     0 | D:1      | qw the Spriggan Hunter began the quest for the Orb.
     0 | D:1      | Reached XP level 1. HP: 10/10 MP: 2/2
     0 | D:1      | 0 ||| qw: Version: 0.3-a-160-g6735b56
     0 | D:1      | 0 ||| qw: Game counter: 4770
     0 | D:1      | 0 ||| qw: Melee chars always use a shield: true
     0 | D:1      | 0 ||| qw: God list: Okawaru
     0 | D:1      | 0 ||| qw: Allow faded altars: false
     0 | D:1      | 0 ||| qw: Do Orc after clearing Dungeon:15 true
     0 | D:1      | 0 ||| qw: Do second Lair branch before Depths: true
     0 | D:1      | 0 ||| qw: Lair rune preference: random
     0 | D:1      | 0 ||| qw: Goals: Normal
     0 | D:1      | 0 ||| PLANNING D:1-11
    26 | D:1      | Reached skill level 3 in Dodging
   126 | D:1      | Reached XP level 2. HP: 14/14 MP: 3/3
   722 | D:1      | 722 ||| READING scroll labelled SOKLAAL PAARIS.
   722 | D:1      | 722 ||| IDENTIFYING fuming orange potion
   723 | D:1      | 723 ||| READING scroll labelled HADELEMUGO.
   724 | D:1      | 724 ||| READING scroll labelled QAT ESHRIXAD.
   725 | D:1      | 725 ||| READING scroll labelled IMAOKHL LEIBENU.
   729 | D:1      | 729 ||| DRINKING 2 sapphire potions.
   730 | D:1      | 730 ||| DROPPING scroll of butterflies.
   775 | D:2      | Noticed Jessica
   776 | D:2      | Killed Jessica
   777 | D:2      | Reached XP level 3. HP: 18/18 MP: 4/4
   895 | D:2      | Reached skill level 5 in Ranged Weapons
   951 | D:2      | Reached XP level 4. HP: 22/22 MP: 5/5
  1089 | D:2      | 1089 ||| UPGRADING to +0 cloak.
  1094 | D:2      | 1094 ||| UPGRADING to ring of poison resistance.
  1095 | D:2      | 1095 ||| READING scroll of identify.
  1095 | D:2      | 1095 ||| IDENTIFYING coppery potion
  1096 | D:2      | 1096 ||| READING scroll labelled WOUJAL QYLYNK.
  1096 | D:2      | Identified a scroll of acquirement
  1096 | D:2      | 1096 ||| ACQUIRING amulet "Woxteorch" {Faith +Inv Dex-5
                  | Slay+5 SInv}
  1096 | D:2      | Acquired the amulet "Woxteorch" {Faith +Inv Dex-5 Slay+5
                  | SInv}
  1098 | D:2      | 1098 ||| UPGRADING to amulet "Woxteorch" {Faith +Inv Dex-5
                  | Slay+5 SInv}.
  1103 | D:2      | 1103 ||| READING scroll labelled RETAGUCZ AQAPP.
  1104 | D:2      | 1104 ||| READING scroll labelled MOXUOS HAI.
  1105 | D:2      | 1105 ||| DRINKING 2 golden potions.
  1148 | D:2      | 1148 ||| DROPPING potion of lignification.
  1221 | D:3      | Identified the +10 dagger of Makhleb, Hurling {venom, Str+2
                  | Int+2}
  1306 | D:3      | Found a glowing golden altar of the Shining One.
  1412 | D:3      | Found an iron altar of Okawaru.
  1414 | D:3      | 1414 ||| PLANNING OKAWARU WORSHIP
  1421 | D:3      | Became a worshipper of Warmaster Okawaru
  1422 | D:3      | 1422 ||| PLANNING D:1-11
  1481 | D:3      | Identified the +8 mace of Tach {venom, rElec Int+3}
  1746 | D:3      | 1746 ||| DROPPING ring of flight.
  1805 | D:4      | 1805 ||| PLANNING SEWER
  1844 | D:4      | Found a runed translucent door.
  1845 | D:4      | Noticed Crazy Yiuf
  1871 | D:4      | Found a hazy altar of Hepliaklqana.
  1892 | D:4      | Noticed a lemure
  1909 | D:4      | Noticed Pikel
  1909 | D:4      | Noticed a lemure
  1909 | D:4      | Noticed a lemure
  1909 | D:4      | Noticed a lemure
  1910 | D:4      | 1910 ||| RETREEEEATING.
  1912 | D:4      | 1912 ||| RETREEEEATING.
  1914 | D:4      | 1914 ||| RETREEEEATING.
  1917 | D:4      | 1917 ||| RETREEEEATING.
  1919 | D:4      | HP: 2/23 [Pikel/+2 whip of freezing (4)]
  1920 | D:4      | Slain by Pikel

Levels and vault maps discovered:
D:1:      giann_bridges, layout_basic, skrybe_limestone_x
D:2:      layout_rooms, uniq_jessica
D:3:      layout_basic, mainiacjoe_overflow_24_doors,
          mainiacjoe_overflow_boulevard
D:4:      layout_basic, grunt_temple_overflow_open, minmay_temple_entry_glass,
          portal_sewer_entry_b, uniq_crazy_yiuf_cottage, uniq_pikel

Skill      XL: |  1  2  3 |
---------------+----------+-----
Dodging        | 3 4 |  4.3
Ranged Weapons | 5 |  5.0
Fighting       | |  1.8
Stealth        | |  1.5

Action                     |  1- 3 |  4- 6 || total
---------------------------+-------+-------++-------
   Fire: Shortbow          |    66 |    21 ||    87
    Use: Scroll            |     4 |     4 ||     8
         Potion            |     1 |     1 ||     2
 Armour: Robe              |     4 |     3 ||     7
  Dodge: Dodged            |    16 |     2 ||    18

Table legend:
 A = Non-vault XP
 B = Vault XP
 C = Vault XP percentage of total XP
 D = Non-vault monster count
 E = Vault monster count
 F = Vault count percentage of total count
                 A         B        C        D         E       F
            +---------+---------+-------+---------+---------+-------
      Total |      78 |      37 |  32.2 |      36 |       1 |   2.7
            +---------+---------+-------+---------+---------+-------
        D:1 |      17 |       0 |   0.0 |       9 |       0 |   0.0
        D:2 |      47 |      37 |  44.0 |      18 |       1 |   5.3
        D:3 |      10 |       0 |   0.0 |       7 |       0 |   0.0
        D:4 |       4 |       0 |   0.0 |       2 |       0 |   0.0
            +---------+---------+-------+---------+---------+-------
